 Dungeon Crawl Stone Soup version 0.30-a0-845-g7c6808c8ce (webtiles) character file.

Game seed: 12773009522736924110

30 lunkers the Cutter (level 3, -11/31 HPs)
             Began as a Meteoran Fighter on Mar 2, 2023.
             Killed by divine providence
             ... invoked by an orc priest
              (12 damage)
             ... on level 2 of the Dungeon.
             The game lasted 00:01:03 (453 turns).

lunkers the Cutter (Meteoran Fighter)                Turns: 453, Time: 00:01:04

Health: -11/31     AC:  6    Str: 17    XL:     3   Next: 55%
Magic:  4/4        EV:  9    Int: 10    God:
Gold:   75         SH:  5    Dex: 15    Spells: 2/2 levels left

rFire   . . .      SeeInvis .    a - +0 rapier
rCold   . . .      Faith    .    c - +0 buckler
rNeg    . . .      Spirit   .    b - +0 scale mail
rPois   .          Reflect  .    (no helmet)
rElec   .          Rampage  .    (no cloak)
rCorr   .                        (no gloves)
Will    .....                    (no boots) Stlth
                                 (no amulet)
HPRegen 0.25/turn                (no ring)
MPRegen 0.09/turn                (no ring)

@: glowing
A: sense surroundings 1, otherworldly, glowing, explore regen
a: no special abilities


You were on level 2 of the Dungeon.
You visited 1 branch of the dungeon, and saw 2 of its levels.

You collected 75 gold pieces.

Inventory:

Hand Weapons
 a - a +0 rapier (weapon)
Armour
 b - a +0 scale mail (worn)
 c - a +0 buckler (worn)
Scrolls
 e - 2 scrolls of identify
 f - 2 scrolls of teleportation {unknown}
Potions
 d - a potion of might
 g - a potion of curing


   Skills:
 - Level 3.2 Fighting
 + Level 3.9 Short Blades
 - Level 3.6 Armour
 - Level 3.6 Shields


You had 2 spell levels left.
You didn't know any spells.
Your spell library was empty.

Dungeon Overview and Level Annotations

Branches:
Dungeon (2/15) Zot: 740

Altars:


Innate Abilities, Weirdness & Mutations

You passively map a small area around you.
You are easily found by Zot.
You glow in the dark.
You regain HP and MP as you explore.


Message History

* * * LOW HITPOINT WARNING * * *
The adder bites you but does no damage.
You hit the adder.
You kill the adder!
You feel sick. The orc barely misses you.
You barely miss the orc.
You feel sick.
You are no longer poisoned.
The orc barely misses you.
You aren't carrying any items that you can evoke.
Unknown command.
You hit the orc but do no damage. You block the orc's attack.
The orc priest invokes the aid of Beogh against you.
Beogh smites you!
* * * LOW HITPOINT WARNING * * *
You barely miss the orc. The orc completely misses you.
You hit the orc.
The orc is severely wounded.
The orc closely misses you.
You hit the orc.
You kill the orc!
The orc priest looks braver for a moment.
You barely miss the orc priest.
The orc priest invokes the aid of Beogh against you.
You barely resist. You hit the orc priest.
The orc priest is lightly wounded.
The orc priest completely misses you.
You hit the orc priest.
The orc priest is moderately wounded.
The orc priest invokes the aid of Beogh against you.
Pain shoots through your body!
* * * LOW HITPOINT WARNING * * *
You hit the orc priest.
The orc priest is heavily wounded.
The orc priest barely misses you.
You puncture the orc priest!
The orc priest is almost dead.
The orc priest mumbles some strange prayers to Beogh against you.
Beogh smites you!
You die...

#.......# ##
#.#...#o#..##
..#....oo.#...#
...............
..............# *
* , * #..# , #..#
#..######.# *
#..oo@....# *
###.########
#####.......# *
........###.#
#####.#)###.######
, * #............#
#...†.#.####.#
#....##.#
#.########
#.......#
#........#


You could see an orc priest and an orc.

Vanquished Creatures
  An adder (D:2)
  A dart slug (D:1)
  An orc (D:2)
  A bat (D:1)
  2 goblins (D:1)
  3 hobgoblins
  3 kobolds
  2 ball pythons (D:1)
  2 rats (D:1)
16 creatures vanquished.

Notes
Turn   | Place    | Note
-------+----------+-------------------------------------------
     0 | D:1      | lunkers the Meteoran Fighter began the quest for the Orb.
     0 | D:1      | Reached XP level 1. HP: 19/19 MP: 2/2
   148 | D:1      | Reached XP level 2. HP: 25/26 MP: 3/3
   413 | D:2      | Reached XP level 3. HP: 22/31 MP: 4/4
   451 | D:2      | HP: 1/31 [orc priest/nerve-wracking pain (9)]
   453 | D:2      | Killed from afar by an orc priest

Illustrated notes

Levels and vault maps discovered:
D:1:      dpeg_arrival_simpleton_a, layout_loops_corners, minmay_tromino_v4_b
D:2:      cheibrodos_pilgrimage, layout_loops_corners, serial_shops, shop,
          minmay_misc_feat_diagonals, nicolae_underground_beach, uniq_terence

Skill      XL: |  1  2 |
---------------+-------+-----
Short Blades   | 3 |  3.9
Fighting       | |  3.2
Armour         | |  3.6
Shields        | |  3.6

Action                     || total
---------------------------++-------
  Melee: Rapier            ||    72
    Use: Scroll            ||     1
 Armour: Scale mail        ||    30
  Dodge: Dodged            ||    13
  Block: Buckler           ||    19

Table legend: (Time is in decaauts)
 A = Elapsed time spent in this place.
 B = Non-inter-level travel time spent in this place.
 C = Inter-level travel time spent in this place.
 D = Time resting spent in this place.
 E = Time spent auto-exploring this place.
 F = Levels seen in this place.
 G = Mean time per level.
                   A        B        C        D        E       F      G
               +--------+--------+--------+--------+--------+-----+--------+
         Total |    458 |    458 |      0 |      0 |    325 |   2 |  229.0 |
       Dungeon |    458 |    458 |      0 |      0 |    325 |   2 |  229.0 |
               +--------+--------+--------+--------+--------+-----+--------+

Top non-repeatable levels by time:
     D:1: 393 daAuts
     D:2: 65 daAuts
